 Dungeon Crawl Stone Soup version 0.27-a0-1200-g94dc6ad4cf (webtiles) character file.

Game seed: 17379545495429486494

2125 deadleaves the Priest (level 9, -2/71 HPs)
             Began as a Hill Orc Fighter on May 31, 2021.
             Was a Believer of Beogh.
             Succumbed to kobold brigand's curare-tipped dart
             ... while paralysed by Grinder
             ... on level 6 of the Dungeon.
             The game lasted 00:17:28 (5787 turns).

deadleaves the Priest (Hill Orc Fighter)            Turns: 5787, Time: 00:17:29

Health: -2/71      AC: 18    Str: 22    XL:     9   Next: 29%
Magic:  15/15      EV:  2    Int: 11    God:    Beogh [**....]
Gold:   343        SH:  0    Dex: 16    Spells: 8/8 levels left

rFire    . . .     SeeInvis +   t - +8 dagger "Killer Bee's Doom" {speed, rElec SInv}
rCold    . . .     Faith    .   c - +0 kite shield
rNeg     . . .     Spirit   .   n - +0 plate armour
rPois    .         Reflect  .   w - +2 helmet {Int+3}
rElec    +         Harm     .   (no cloak)
rCorr    .         Rampage  .   (no gloves)
Will     .....                  i - +0 pair of boots
Stlth    ..........             (no amulet)
HPRegen  0.21/turn              u - +6 ring of dexterity
MPRegen  0.14/turn              (no ring)

@: paralysed, lethally poisoned (-2 -> -12), hasted and slowed
A: no striking features
a: Renounce Religion, Smiting


You were on level 6 of the Dungeon.
You worshipped Beogh.
Beogh was pleased with you.
You visited 1 branch of the dungeon, and saw 6 of its levels.
You also visited: Ossuary.

You collected 343 gold pieces.

Inventory:

Hand Weapons
 a - a +0 war axe
 t - the +8 dagger "Killer Bee's Doom" (weapon) {speed, rElec SInv}
   (You found it on level 4 of the Dungeon)

   Attacks with this weapon are significantly faster.
   It insulates you from electricity.
   It lets you see invisible.
Missiles
 k - 41 poisoned darts (quivered)
Armour
 c - a +0 kite shield (worn)
 i - a +0 pair of boots (worn)
 n - a +0 plate armour (worn)
 w - a +2 helmet of intelligence (worn)
Magical Staves
 q - a staff of death
Jewellery
 u - a +6 ring of dexterity (left hand)
Wands
 v - a wand of mindburst (1)
Scrolls
 b - a scroll of teleportation
 f - a scroll of torment
 g - a scroll of summoning
 h - a scroll of magic mapping
 j - 2 scrolls of vulnerability
 l - a scroll of enchant weapon {unknown}
 y - 2 scrolls of amnesia {unknown}
 z - 3 scrolls of fog
 A - 3 scrolls of noise {unknown}
Potions
 d - 3 potions of might
 e - a potion of degeneration {unknown}
 m - a potion of attraction {unknown}
 o - 3 potions of curing {unknown}
 p - a potion of haste {unknown}
 r - a potion of brilliance {unknown}
 s - 2 potions of lignification {unknown}
 x - a potion of mutation {unknown}
 B - 2 potions of cancellation {unknown}
 C - 2 potions of heal wounds {unknown}
 D - 2 potions of flight {unknown}


   Skills:
 - Level 4.0 Fighting
 - Level 6.1 Axes
 - Level 8.0 Armour
 + Level 7.6 Shields
 - Level 8.1 Invocations


You had 8 spell levels left.
You didn't know any spells.
Your spell library contained the following spells:

 Spells                   Type           Power      Damage    Failure   Level
 Corona                   Hex            0%         N/A       100%        1
 Freeze                   Ice            0%         1d3       100%        1
 Ensorcelled Hibernation  Hex/Ice        0%         N/A       100%        2
 Confusing Touch          Hex            0%         N/A       100%        3
 Dazzling Flash           Conj/Hex       0%         N/A       100%        3
 Frozen Ramparts          Ice            0%         1d2       100%        3
 Ozocubu's Armour         Ice            0%         N/A       100%        3
 Tukima's Dance           Hex            0%         N/A       100%        3
 Hailstorm                Conj/Ice       0%         3d3       100%        4
 Metabolic Englaciation   Hex/Ice        0%         N/A       100%        5


Dungeon Overview and Level Annotations

Branches:
Dungeon (6/15)            Ossuary (visited)
 Temple: D:4-7

Altars:
Kikubaaqudgha
Nemelex Xobeh
Sif Muna

Annotations:
D:6 Grinder


Message History

You block the puff of flame.
You feel very sick.
The orc priest looks braver for a moment.
You feel very sick.
The kobold demonologist looks braver for a moment.
The orc priest calls down the wrath of Beogh upon you.
Pain shoots through your body!
The kobold demonologist gestures wildly while chanting.
You feel very sick.
Grinder comes into view.
The orc priest miscasts a cantrip.
The kobold demonologist casts a spell.
You feel sick.
Grinder shouts!
Grinder gestures at you.
You suddenly lose the ability to move!
The chaos spawn gores you!
You feel yourself speed up.
You feel sick.
The chaos spawn gores you but does no damage.
You feel sick.
The orc priest hits you but does no damage.
The chaos spawn hits you.
* * * LOW HITPOINT WARNING * * *
You are engulfed in flames!
* * * LOW HITPOINT WARNING * * *
Grinder blinks!
You feel sick.
The orc priest hits you but does no damage.
The chaos spawn hits you but does no damage.
You feel sick.
The chaos spawn degenerates into a cloud of primal chaos!
A scorpion comes into view.
The orc priest hits you but does no damage.
The kobold brigand throws a curare-tipped dart.
The curare-tipped dart hits you.
You are lethally poisoned!
You have difficulty breathing.
* * * LOW HITPOINT WARNING * * *
You feel as though you will be slow longer.
You die...

....... ....## #.##.........#..
#.......#....####.#..........#..
#......#........................
.K...#.##.....###s.........##.##
#.....#........5#....##.###.##
#....)#.##.K#...#.....#.##..#.
.#..##...#.s3#..####.#....#....
.....#.#Ko5KKo...# ###....#....
#K.KK..)###ยง@..####..........
#..#...####.#................
#)..#..)##.#.)...#............
.... ###.).......#[............
..#.....)))...................##
. #............................#
##...##.........#........#...#
..... #.........#.....>..###.#
.... #.................##..#.


You could see a sun demon (summoned), Grinder, 3 kobold brigands, 2 scorpions,
an orc priest, an orc wizard (invisible), a quasit (summoned) and a kobold.

Vanquished Creatures
  A kobold demonologist (D:6)
  4 yaks
  2 black bears
  2 ogres
  A phantom (D:6)
  A bullfrog (D:5)
  A wyvern zombie (D:6)
  2 scorpions (D:5)
  A centaur zombie (Ossuary)
  A human zombie (Ossuary)
  A bullfrog zombie (D:5)
  3 hounds (D:5)
  A bullfrog skeleton (D:5)
  An iguana (D:6)
  3 orc wizards
  A hound skeleton (D:5)
  2 mummies (Ossuary)
  Robin (D:4)
  11 adders
  4 gnolls (D:3)
  A white imp (D:5)
  2 adder zombies (Ossuary)
  3 dart slugs
  14 orcs
  6 ball pythons
  3 bats
  4 endoplasms
  3 giant cockroaches
  15 goblins
  8 hobgoblins
  6 jackals
  9 kobolds
  2 quokkas (D:1)
  3 frilled lizards
  2 goblin zombies
  11 hobgoblin zombies (Ossuary)
  9 kobold zombies (Ossuary)
  11 orc zombies (Ossuary)
  A quokka zombie (D:5)
  3 rats
  A rat zombie (Ossuary)
161 creatures vanquished.

Vanquished Creatures (others)
  A human (D:4)
1 creature vanquished.

Grand Total: 162 creatures vanquished

Notes
Turn   | Place    | Note
-------+----------+-------------------------------------------
     0 | D:1      | deadleaves the Hill Orc Fighter began the quest for the
                  | Orb.
     0 | D:1      | Reached XP level 1. HP: 19/19 MP: 1/1
    53 | D:1      | HP: 1/20 [frilled lizard (1)]
   375 | D:1      | Reached XP level 2. HP: 27/27 MP: 2/2
   662 | D:1      | Found a faded altar of an unknown god.
   997 | D:2      | Reached XP level 3. HP: 33/33 MP: 3/3
  1475 | D:2      | Reached XP level 4. HP: 40/40 MP: 4/4
  1632 | D:2      | Reached skill level 5 in Axes
  1709 | D:3      | Found a shimmering blue altar of Sif Muna.
  2226 | D:3      | Reached XP level 5. HP: 40/46 MP: 5/5
  3176 | D:4      | Noticed an ogre
  3187 | D:4      | Killed an ogre
  3188 | D:4      | Reached skill level 5 in Armour
  3188 | D:4      | Reached XP level 6. HP: 52/52 MP: 6/6
  3211 | D:4      | Noticed Robin
  3225 | D:4      | Killed Robin
  3381 | D:4      | Found an ancient bone altar of Kikubaaqudgha.
  3391 | D:4      | Identified the +8 dagger "Killer Bee's Doom" {speed, rElec
                  | SInv}
  3437 | D:4      | Noticed a human
  3439 | D:4      | Killed a human
  3978 | D:5      | Entered Level 5 of the Dungeon
  4026 | D:5      | Reached XP level 7. HP: 38/59 MP: 7/7
  4206 | D:5      | Found a sparkling altar of Nemelex Xobeh.
  4345 | D:5      | Became a worshipper of Beogh the Brigand
  4378 | D:5      | Found a sand-covered staircase.
  4394 | Ossuary  | Entered an ossuary
  4469 | Ossuary  | Reached * piety under Beogh
  4504 | Ossuary  | Reached skill level 1 in Invocations
  5035 | D:6      | Reached XP level 8. HP: 66/66 MP: 9/11
  5042 | D:6      | Noticed a yak
  5046 | D:6      | Reached skill level 5 in Invocations
  5052 | D:6      | Noticed a yak
  5052 | D:6      | Noticed a yak
  5053 | D:6      | Noticed a yak
  5150 | D:6      | Noticed a kobold demonologist
  5190 | D:6      | Noticed a kobold demonologist
  5192 | D:6      | Noticed a sixfirhy
  5305 | D:5      | Killed a yak
  5315 | D:5      | Killed a yak
  5401 | D:6      | Killed a yak
  5412 | D:5      | Killed a yak
  5413 | D:5      | Reached skill level 5 in Shields
  5413 | D:5      | Reached XP level 9. HP: 35/71 MP: 15/15
  5731 | D:6      | Reached ** piety under Beogh
  5767 | D:6      | Noticed a kobold demonologist
  5773 | D:6      | Killed a kobold demonologist
  5781 | D:6      | Noticed a sun demon
  5781 | D:6      | Noticed Grinder
  5782 | D:6      | Paralysed by Grinder for 6 turns
  5786 | D:6      | HP: 1/71 [asphyx]
  5787 | D:6      | Succumbed to kobold brigand's curare-tipped dart

Illustrated notes

Levels and vault maps discovered:
D:1:      sevenhm_arrival_forest_fort_small_3, layout_rooms,
          hellmonk_ecumenical_altar_crossroads
D:2:      layout_rooms, mrwooster_statue_mirror
D:3:      layout_loops_ring, led_sif_book, minmay_cut_off
D:4:      layout_gridville, tgw_kikubaaqudgha, kennysheep_generic_room_3,
          uniq_robin
D:5:      layout_basic, nemelex_spade_bored_becter, enter_ossuary_4
D:6:      layout_cave_pools, minmay_temple_entry_fiery, uniq_duvessa,
          uniq_grinder

Skill      XL: |  1  2  3  4  5  6  7  8  9 |
---------------+----------------------------+-----
Axes           | 3 4 6 |  6.1
Fighting       | 4 |  4.0
Armour         | 5 6 8 |  8.0
Invocations    | 4 8 |  8.1
Shields        | 5 7 |  7.6

Action                   |  1- 3 |  4- 6 |  7- 9 || total
-------------------------+-------+-------+-------++-------
Melee: War axe           |    70 |   104 |    55 ||   229
       Dagger            |       |    38 |   163 ||   201
Throw: Dart              |       |    13 |    13 ||    26
Invok: Convert to Beogh  |       |       |     1 ||     1
Evoke: Wand              |       |     5 |     3 ||     8
  Use: Scroll            |       |     2 |     4 ||     6
       Potion            |       |     1 |       ||     1
Armor: Scale mail        |    18 |       |       ||    18
       Chain mail        |    32 |     3 |       ||    35
       Plate armour      |       |   112 |   167 ||   279
Dodge: Dodged            |    19 |    21 |    47 ||    87
Block: Kite shield       |    46 |    63 |   108 ||   217

Table legend: (Time is in decaauts)
 A = Elapsed time spent in this place.
 B = Non-inter-level travel time spent in this place.
 C = Inter-level travel time spent in this place.
 D = Time resting spent in this place.
 E = Time spent auto-exploring this place.
 F = Levels seen in this place.
 G = Mean time per level.
                   A        B        C        D        E       F      G
               +--------+--------+--------+--------+--------+-----+--------+
         Total |   5885 |   5778 |    107 |   1502 |   2704 |   7 |  840.7 |
       Dungeon |   5499 |   5392 |    107 |   1347 |   2704 |   6 |  916.5 |
       Ossuary |    386 |    386 |      0 |    155 |      0 |   1 |  386.0 |
               +--------+--------+--------+--------+--------+-----+--------+

Top non-repeatable levels by time:
     D:3: 1360 daAuts
     D:5: 1164 daAuts
     D:4: 965 daAuts
     D:1: 960 daAuts
     D:2: 778 daAuts
 Ossuary: 386 daAuts
     D:6: 270 daAuts
